 Dungeon Crawl Stone Soup version 0.26-a0-851-g735459dd53 (webtiles) character file.

Game seed: 15270612868024975963

2558 Conn the Sneak (level 9, -6/56 HPs)
             Began as an Octopode Fire Elementalist on Nov 21, 2020.
             Killed by miscasting Fireball (9 damage)
             ... on level 6 of the Dungeon.
             The game lasted 00:26:26 (8903 turns).

Conn the Sneak (Octopode Fire Elementalist)         Turns: 8903, Time: 00:26:29

Health: -6/56      AC: -7    Str:  7    XL:     9   Next: 56%
Magic:  20/26      EV:  8    Int: 20    God:
Gold:   350        SH:  0    Dex: 13    Spells: 2/18 levels left

rFire    + . .     SeeInvis +   u - +2 falchion (freeze)
rCold    . . .     Faith    .   (no shield)
rNeg     . . .     Spirit   .   (helmet restricted)
rPois    .         Reflect  .   (no amulet)
rElec    .         Harm     .   h - ring of see invisible
rCorr    .         Rampage  .   v - ring of protection from fire
MR       .....                  x - ring of magical power
Stlth    ++++......             (no ring)
HPRegen  0.18/turn              (no ring)
MPRegen  0.20/turn              (no ring)
                                (no ring)
                                (no ring)

@: corroded, very slightly contaminated, held
A: almost no armour, stealthy swim, amphibious, 8 rings, constrict 8, camouflage
1, gelatinous body 1
a: no special abilities


You were on level 6 of the Dungeon.
You visited 1 branch of the dungeon, and saw 6 of its levels.
You also visited: Sewer.

You collected 350 gold pieces.

Inventory:

Hand Weapons
 e - a +2 dagger of venom
 i - a +0 short sword
 q - a +1 spear of flaming
 u - a +2 falchion of freezing (weapon)
Missiles
 j - 43 poisoned darts
 l - 10 curare-tipped darts (quivered)
 r - 8 atropa-tipped darts
Jewellery
 h - a ring of see invisible (left tentacle)
 v - a ring of protection from fire (right tentacle)
 x - a ring of magical power (on tentacle)
Scrolls
 a - 2 scrolls of fear {unknown}
 c - 6 scrolls of identify
 f - 4 scrolls of magic mapping {unknown}
 g - a scroll of enchant armour
 n - 5 scrolls of remove curse {unknown}
 o - 2 scrolls of fog {unknown}
 p - 2 scrolls of teleportation {unknown}
 s - 3 scrolls of enchant weapon {unknown}
 w - 3 scrolls of random uselessness {unknown}
Potions
 b - 2 potions of curing
 d - 2 potions of brilliance
 k - 3 potions of mutation {unknown}
 m - a potion of cancellation
 t - a potion of lignification
 z - 2 potions of resistance {unknown}
 A - a potion of ambrosia {unknown}


   Skills:
 + Level 3.0 Fighting
 + Level 1.0(2.9) Short Blades
 + Level 4.4(4.5) Long Blades
 + Level 1.9 Polearms
 + Level 0.7 Throwing
 + Level 4.3 Dodging
 + Level 6.2 Stealth
 * Level 5.4 Spellcasting
 * Level 5.3 Conjurations
 + Level 6.0 Fire Magic


You had 2 spell levels left.
You knew the following spells:

 Your Spells              Type           Power        Failure   Level
a - Foxfire               Conj/Fire      ####         1%          1
b - Conjure Flame         Conj/Fire      ####....     3%          3
c - Inner Flame           Hex/Fire       ###.....     10%         3
d - Sticky Flame          Conj/Fire      ####....     11%         4
e - Fireball              Conj/Fire      ####......   30%         5

Your spell library contained the following spells:

 Spells                   Type           Power        Failure   Level


Dungeon Overview and Level Annotations

Branches:
Dungeon (6/15)              Sewer (visited)
 Temple: D:4-7

Altars:
Cheibriados
Dithmenos
Elyvilon
Fedhas
Okawaru
Trog
Uskayaw
Zin


Innate Abilities, Weirdness & Mutations

You cannot wear most types of armour.
You are very stealthy in the water. (Stealth+)
You are amphibious.
You can wear up to eight rings at the same time.
You can use your tentacles to constrict eight enemies at once.
Your skin changes colour to match your surroundings (Stealth+).
Your rubbery body absorbs attacks. (AC +1, EV +1)


Message History

Unknown command.
Press: ? - help, v - describe, . - travel
Here: a gnoll, wielding a +0 spear and carrying a wand of acid (8)
The floor.
Unknown command.
Unknown command.
Unknown command.
Unknown command.
Unknown command.
Unknown command.
Casting: Foxfire (safe; 1% risk of failure)
Confirm with . or Enter, or press ? or * to list all spells.
The spell is quite dangerous to cast (30% risk of failure)!
Continue anyway?
Aiming: Fireball (quite dangerous; 30% risk of failure)
Press: ? - help, Shift-Dir - straight line, f - gnoll
Aim: a gnoll, wielding a +0 spear and carrying a wand of acid (8)
You miscast Fireball.
You are very lightly contaminated with residual magic.
You are blasted with magical energy!
You die...

# #.# #......†## #.<...... # ..#
#.....#)######.<.##### #
#.....#............... # ...
#..................... .Z.z
#.....#g.............. ...
#..#..#.######........ ###.###
##.###>).# #...##### #.._..###.#
#...## #...# ##.#.#....#.###@#
#...# #......##.##.#.v# #...#
#.#..#.##.# #.#.###### #...#
##)#....##.# ##.......###...#
..)...#.##.####.....#.......#####
##.#.##...............#####.##...
#)#.......####.#.....# #.##.##
#......#### #.##.##.# #....#
######## #.##.##.# #.####


You could see a gnoll.

Vanquished Creatures
  Sigmund (D:5)
  The ghost of Essalna the Firebug, an amateur TeFE (D:3)
  Menkaure (D:6)
  A water moccasin (Sewer)
  A phantom (D:5)
  An ice beast (D:3)
  A sky beast (D:5)
  3 ogres
  A bullfrog (D:4)
  A gnoll sergeant (D:5)
  A scorpion (D:6)
  A howler monkey (D:5)
  4 wights (D:6)
  A crimson imp (D:5)
  A bullfrog zombie (D:6)
  A centaur zombie (D:5)
  2 hounds (D:4)
  8 orc wizards
  3 orc priests
  A jelly (D:5)
  2 bullfrog skeletons (D:5)
  2 centaur skeletons (D:5)
  2 iguanas (D:5)
  5 worker ants
  4 gnolls
  10 adders
  5 river rats
  2 white imps (D:5)
  An adder zombie (D:5)
  A worm (D:3)
  2 dart slugs (D:2)
  4 leopard geckos
  19 orcs
  3 ball pythons
  9 bats
  3 giant cockroaches
  9 goblins
  6 hobgoblins
  4 jackals
  14 kobolds
  4 quokkas
  2 frilled lizards
  A quokka skeleton (D:5)
  11 rats
160 creatures vanquished.

Vanquished Creatures (collateral kills)
  A foxfire (D:1)
1 creature vanquished.

Vanquished Creatures (others)
  A gnoll (D:6)
  416 foxfires
417 creatures vanquished.

Grand Total: 578 creatures vanquished

Notes
Turn   | Place    | Note
-------+----------+-------------------------------------------
     0 | D:1      | Conn the Octopode Fire Elementalist began the quest for the
                  | Orb.
     0 | D:1      | Reached XP level 1. HP: 11/11 MP: 3/3
    87 | D:1      | Reached XP level 2. HP: 8/17 MP: 0/5
   471 | D:1      | Reached XP level 3. HP: 21/21 MP: 1/6
  1329 | D:2      | Found a faded altar of an unknown god.
  1404 | D:2      | Reached XP level 4. HP: 27/27 MP: 0/7
  1488 | D:2      | Found an iron altar of Okawaru.
  1496 | D:2      | Noticed a torpor snail
  1498 | D:2      | Found a snail-covered altar of Cheibriados.
  1498 | D:2      | Noticed a torpor snail
  1500 | D:2      | Noticed a torpor snail
  1913 | D:2      | Learned a level 3 spell: Conjure Flame
  1917 | D:2      | Learned a level 3 spell: Inner Flame
  2286 | D:3      | Reached XP level 5. HP: 31/31 MP: 9/9
  2373 | D:3      | Found a bloodstained altar of Trog.
  2502 | D:3      | Noticed an ice beast
  2537 | D:3      | Killed an ice beast
  2538 | D:3      | Reached skill level 1 in Short Blades
  2716 | D:3      | Reached XP level 6. HP: 37/37 MP: 8/10
  2758 | D:3      | Found a runed translucent door.
  2763 | D:3      | Noticed Essalna's ghost (amateur TeFE)
  2830 | D:4      | Found a white marble altar of Elyvilon.
  2866 | D:4      | Found a blossoming altar of Fedhas.
  2980 | D:4      | Found a hide-covered altar of Uskayaw.
  3014 | D:4      | Reached skill level 1 in Polearms
  3282 | D:4      | Reached skill level 1 in Fighting
  3678 | D:4      | Reached XP level 7. HP: 20/43 MP: 9/12
  3954 | D:3      | Found a runed translucent door.
  4245 | D:3      | Killed Essalna's ghost
  4784 | D:4      | Reached skill level 5 in Stealth
  4993 | D:5      | Entered Level 5 of the Dungeon
  5000 | D:5      | Reached skill level 5 in Fire Magic
  5123 | D:4      | Reached skill level 1 in Long Blades
  5478 | D:5      | Reached XP level 8. HP: 44/48 MP: 13/13
  6552 | D:5      | Noticed Sigmund
  6576 | D:5      | Killed Sigmund
  7294 | D:5      | Learned a level 4 spell: Sticky Flame
  7369 | D:5      | Learned a level 5 spell: Fireball
  7384 | D:5      | Reached XP level 9. HP: 55/55 MP: 15/15
  7719 | D:5      | Found a shadowy altar of Dithmenos.
  8019 | D:6      | Noticed Menkaure
  8114 | D:6      | Killed Menkaure
  8115 | D:6      | Reached skill level 5 in Spellcasting
  8340 | D:6      | Found a glowing silver altar of Zin.
  8372 | D:6      | Reached skill level 5 in Conjurations
  8475 | D:6      | Found a glowing drain.
  8496 | Sewer    | Entered a sewer
  8903 | D:6      | Killed by miscasting Fireball

Illustrated notes

Levels and vault maps discovered:
D:1:      lightli_iron_boxes, layout_basic, serial_forest,
          infiniplex_forest_zigzag_1, infiniplex_forest_clump_tiny,
          infiniplex_forest_straight_3, infiniplex_forest_end_double
D:2:      layout_basic, overflow_temple_1_default,
          chequers_ecumenical_altar_grove, cheibriados_altar_2
D:3:      minmay_skewed_foursquare, layout_basic, general_overflow_altar,
          ebering_ghost_sewer_f
D:4:      cheibrodos_pilgrimage, layout_basic, lemuel_round_altar,
          nicolae_overflow_hidden_temple, kennysheep_crisscross,
          chequers_decorated_corner, fedhas_altar_2
D:5:      cheibrodos_barr_body, layout_layer_cave, kennysheep_mini,
          kennysheep_another_room, nrook_mini_vaults, minmay_fire_ice_demons,
          uniq_sigmund
D:6:      layout_loops_cross, lemuel_crystal_altar, portal_sewer_entry_c,
          uniq_grinder, uniq_menkaure

Skill      XL: |  1  2  3  4  5  6  7  8  9 |
---------------+----------------------------+-----
Stealth        | 3 4 5 6 |  6.2
Short Blades   | 1 |  1.0
Spellcasting   | 3 4 5 |  5.4
Fire Magic     | 4 5 6 |  6.0
Polearms       | 1 |  1.9
Conjurations   | 2 3 5 |  5.3
Fighting       | 1 2 3 |  3.0
Dodging        | 3 4 |  4.3
Long Blades    | 1 3 4 |  4.4
Throwing       | |  0.7

Action                   |  1- 3 |  4- 6 |  7- 9 || total
-------------------------+-------+-------+-------++-------
Melee: Unarmed           |     2 |       |       ||     2
       Short sword       |    12 |    11 |       ||    23
       Constrict         |     2 |    11 |    35 ||    48
       Tentacles         |     2 |     9 |    34 ||    45
       Spear             |       |    42 |     6 ||    48
       Falchion          |       |       |   138 ||   138
Throw: Dart              |       |     2 |     4 ||     6
 Cast: Foxfire           |    36 |    51 |   156 ||   243
       Conjure Flame     |       |     3 |     6 ||     9
       Sticky Flame      |       |       |     3 ||     3
       Inner Flame       |       |       |     1 ||     1
  Use: Potion            |       |     3 |     7 ||    10
       Scroll            |       |     3 |     2 ||     5
 Stab: Sleeping          |     4 |     2 |     6 ||    12
       Distracted        |     1 |       |     1 ||     2
Armor: Skin              |     2 |     6 |    10 ||    18
Dodge: Dodged            |    17 |    54 |   107 ||   178
       Rpst.: Falchion   |       |       |    37 ||    37

Table legend: (Time is in decaauts)
 A = Elapsed time spent in this place.
 B = Non-inter-level travel time spent in this place.
 C = Inter-level travel time spent in this place.
 D = Time resting spent in this place.
 E = Time spent auto-exploring this place.
 F = Levels seen in this place.
 G = Mean time per level.
                   A        B        C        D        E       F      G
               +--------+--------+--------+--------+--------+-----+--------+
         Total |   8934 |   8854 |     80 |   2202 |   3891 |   7 | 1276.3 |
       Dungeon |   8673 |   8593 |     80 |   2089 |   3837 |   6 | 1445.5 |
         Sewer |    260 |    260 |      0 |    113 |     54 |   1 |  260.0 |
               +--------+--------+--------+--------+--------+-----+--------+

Top non-repeatable levels by time:
     D:5: 2827 daAuts
     D:4: 1689 daAuts
     D:3: 1275 daAuts
     D:1: 1258 daAuts
     D:2: 977 daAuts
     D:6: 645 daAuts
   Sewer: 260 daAuts
